Map: Tokamak LE

Players

SKillous - Winner!

  • Race: Protoss Protoss
  • League: Master
  • Spawn Location: 1:00

Remarcable (uThermal)

  • Race: Terran Terran
  • League: Master
  • Spawn Location: 7:00

Event: FEL Cracov 2025

VOD

Have the link to the VOD?

Description

Time

  • Played on: July 27, 2025, 6:49 a.m.
  • Length: 8:02

All games in this series

Show
View Real Time Build Order
Export as new Build Order

SKillous Protoss - Winner!

Build Orders:  

Get SALT Encoding   

  12  0:00  Probe  
  13  0:12  Probe  
  14  0:17  Pylon  
  14  0:24  Probe  
  15  0:32  Probe  
  15  0:36  Gateway  
  15  0:40  Probe  
  16  0:45  Assimilator  
  17  0:50  Probe  
  18  1:03  Probe  
  19  1:15  Probe  
  20  1:24  Zealot, Cybernetics Core  
  22  1:32  Pylon  
  22  1:45  Nexus  
  22  1:47  Probe  
  22  1:49  Stalker  
  23  2:03  Shield Battery  
  23  2:05  Probe  
  26  2:17  Probe  
  26  2:21  Pylon  
  27  2:26  Stalker  
  23  2:52  Probe  
  24  3:04  Probe  
  22  3:08  Probe  
  22  3:10  Stalker  
  25  3:13  Probe  
  26  3:21  Warp Gate  
  26  3:24  Probe x2  
  28  3:36  Probe x2  
  30  3:48  Probe  
  31  3:49  Probe  
  31  3:54  Stalker  
  30  4:00  Probe  
  30  4:01  Probe  
  34  4:12  Probe  
  34  4:13  Probe, Twilight Council  
  36  4:21  Probe  
  36  4:24  Probe  
  36  4:26  Sentry  
  36  4:29  Probe  
  40  4:35  Charge  
  40  4:36  Probe  
  42  4:39  Probe  
  42  4:43  Nexus  
  43  4:47  Pylon  
  43  4:49  Probe  
  43  4:52  Probe  
  45  5:01  Probe  
  45  5:09  Gateway  
  45  5:11  Gateway  
  45  5:13  Stalker  
  47  5:14  Probe  
  47  5:17  Probe  
  49  5:23  Pylon  
  49  5:26  Probe  
  50  5:29  Probe  
  50  5:30  Shield Battery  
  50  5:33  Gateway  
  51  5:38  Probe  
  51  5:41  Probe  
  53  5:49  Shield Battery  
  53  5:51  Probe, Gateway  
  53  5:53  Probe, Gateway  
  53  5:56  Probe  
  56  5:58  Blink  
  56  5:59  Zealot  
  56  6:03  Probe  
  59  6:05  Zealot, Probe  
  59  6:09  Probe  
  63  6:14  Zealot  
  63  6:15  Probe  
  66  6:20  Zealot  
  66  6:21  Probe  
  66  6:23  Probe  
  70  6:28  Pylon  
  70  6:29  Pylon, Probe  
  70  6:31  Zealot x2  
  75  6:36  Gateway  
  75  6:38  Pylon  
  76  6:40  Probe  
  76  6:46  Zealot x3  
  82  6:49  Zealot  
  82  6:53  Zealot x2  
  88  6:57  Gateway  
  88  7:00  Pylon  
  88  7:06  Zealot x3  
  94  7:10  Pylon  
  94  7:11  Probe  
  94  7:15  Zealot x3  
  101  7:27  Zealot x3  
  107  7:32  Pylon  
  107  7:37  Zealot x4  
  115  7:51  Zealot x4  
Show
View Real Time Build Order
Export as new Build Order

Remarcable Terran 

Build Orders:  

Get SALT Encoding   

  12  0:00  SCV  
  13  0:12  SCV  
  14  0:17  Supply Depot  
  14  0:24  SCV  
  15  0:39  Barracks  
  15  0:50  Barracks  
  15  0:54  SCV  
  16  1:07  SCV  
  16  1:08  Refinery  
  17  1:19  SCV  
  18  1:26  Marine  
  18  1:31  Orbital Command  
  19  1:38  Marine  
  19  1:39  Supply Depot  
  20  1:44  Marine  
  21  1:57  Marine  
  22  2:01  Marine  
  22  2:06  Bunker  
  22  2:07  Bunker  
  23  2:15  Marine  
  24  2:19  SCV  
  25  2:25  Marine  
  25  2:26  Factory  
  26  2:32  Marine  
  24  2:43  Marine  
  25  2:50  Marine  
  23  3:06  SCV  
  23  3:11  Factory Tech Lab  
  21  3:16  Command Center  
  21  3:18  SCV  
  22  3:29  Cyclone  
  22  3:30  SCV  
  26  3:34  Refinery  
  25  3:42  SCV  
  25  3:45  Marine  
  26  3:54  SCV  
  25  4:01  Cyclone  
  28  4:09  Supply Depot  
  26  4:21  Factory  
  26  4:31  SCV  
  27  4:34  Cyclone  
  30  4:43  SCV  
  31  4:50  Barracks Tech Lab  
  31  4:55  SCV  
  32  5:07  SCV, Cyclone  
  36  5:17  Marine  
  36  5:19  Cyclone, SCV, Orbital Command  
  41  5:23  Supply Depot  
  41  5:31  SCV, Marine  
  41  5:32  Refinery  
  44  5:41  Siege Tank  
  46  5:44  SCV  
  46  5:45  SCV  
  46  5:49  Marine  
  48  5:51  Barracks  
  48  5:57  SCV  
  49  5:58  Siege Tank  
  49  5:59  Supply Depot  
  49  6:02  SCV  
  53  6:07  Marine  
  53  6:09  Supply Depot  
  54  6:18  Supply Depot  
  54  6:21  SCV x2  
  56  6:28  Siege Tank  
  56  6:31  Siege Tank  
  62  6:34  SCV  
  62  6:39  Marine  
  64  6:40  Marine  
  64  6:41  Supply Depot  
  64  6:43  SCV  
  66  6:55  SCV  
  66  6:57  Marine  
  66  7:00  Siege Tank  
  71  7:03  Siege Tank  
  71  7:07  Supply Depot, SCV  
  75  7:16  SCV  
  75  7:17  Marine  
  75  7:21  SCV  
Tags
 
Add a new tag
Caveats
  • Supply blocks, unpowered buildings, or Contaminate may cause inaccurate times.
  • Supply counts are checked every 10 seconds.